 Dungeon Crawl Stone Soup version 0.22.1-1-ga44c0e5 (webtiles) character file.

112 Torikoriko the Skirmisher (level 4, 0/50 HPs)
             Began as an Ogre Gladiator on Sept 22, 2018.
             Was an Initiate of the Shining One.
             Slain by a bullfrog zombie (1 damage)
             ... on level 6 of the Dungeon.
             The game lasted 00:09:20 (2597 turns).

Torikoriko the Skirmisher (Ogre Gladiator)          Turns: 2597, Time: 00:09:21

Health: 0/50       AC:  6    Str: 18    XL:     4   Next: 95%
Magic:  4/4        EV: 10    Int:  9    God:    the Shining One [......]
Gold:   178        SH:  0    Dex: 11    Spells: 3/3 levels left

rFire    . . .     SeeInvis .   a - +0 flail
rCold    . . .     Gourm    .   (no shield)
rNeg     . . .     Faith    .   l - +0 steam dragon scales
rPois    .         Spirit   .   c - +0 hat
rElec    .         Reflect  .   (no cloak)
rCorr    .         Harm     .   (gloves unavailable)
MR       .....                  (boots unavailable)
Stlth    +.........             (no amulet)
HPRegen  0.16/turn              s - ring of stealth
MPRegen  0.09/turn              (no ring)

@: lethally poisoned (0 -> -2), glowing
A: large, unfitting armour, tough skin 1
a: Renounce Religion


You were on level 6 of the Dungeon.
You worshipped the Shining One.
The Shining One was noncommittal.
You were not hungry.

You visited 1 branch of the dungeon, and saw 4 of its levels.

You collected 178 gold pieces.

Inventory:

Hand Weapons
 a - a +0 flail (weapon)
Missiles
 d - 2 throwing nets (quivered) {!f}
 h - 69 stones
 i - 4 tomahawks
Armour
 c - a +0 hat (worn)
 l - +0 steam dragon scales (worn)
Jewellery
 s - a ring of stealth (left hand)
Scrolls
 g - 4 scrolls of teleportation {unknown}
 k - 5 scrolls of identify
 m - a scroll of remove curse
Potions
 b - a potion of lignification {unknown}
 e - 2 potions of agility
 j - 2 potions of haste {unknown}
 n - 3 potions of curing
 p - a potion of degeneration {unknown}
 r - a potion of ambrosia {unknown}
Comestibles
 f - 7 rations


   Skills:
 + Level 5.0 Fighting
 + Level 4.0 Maces & Flails
 - Level 2.0 Throwing
 - Level 2.6 Dodging


You had 3 spell levels left.
You didn't know any spells.
Your spell library was empty.

Dungeon Overview and Level Annotations

Branches:
Dungeon (3/15)

Altars:
Elyvilon
Fedhas
Hepliaklqana
Kikubaaqudgha
Makhleb
Ru
Sif Muna
Xom
The Shining One

Annotations:
D:2 2 transporters


Innate Abilities, Weirdness & Mutations

You are too large for most types of armour.
You have tough skin. (AC +1)


Message History

The adder skeleton bites you but does no damage.
The bullfrog zombie hits you.
* * * LOW HITPOINT WARNING * * *
Throwing (i - inventory. (/) - cycle)
d - 3 throwing nets (quivered)
{!f}
Press: ? - help, Shift-Dir - straight line, f - adder skeleton
Aim: an adder skeleton (inner flame) Really fire
d - 3 throwing nets {!f}?
You throw a throwing net {!f}.
The throwing net {!f} hits the adder skeleton.
The adder skeleton is caught in the net!
* * * LOW HITPOINT WARNING * * *
You feel sick.
The adder skeleton struggles against the net.
The bullfrog zombie hits you.
* * * LOW HITPOINT WARNING * * *
The adder skeleton struggles against the net.
* * * LOW HITPOINT WARNING * * *
You feel sick. The bullfrog zombie hits you.
You die...

**,#...P≈≈≈≈≈....#,*
,,,....≈≈≈≈≈P≈...#,*
,,≈≈≈≈P≈≈≈≈.≈..#.#,*
,,≈≈≈≈≈≈≈≈.......#,*
≈≈≈P≈≈≈≈≈≈...###.#,*
≈≈≈≈≈≈≈≈≈≈≈..# #.#,*
≈≈≈≈≈P≈≈.≈...###.#,*
≈≈≈≈≈≈≈≈.(....##.#,*
≈≈≈P≈......!#c##@#,*
,,,.P.....###.Z#Z#,*
,,,......#* ##...#,*
,***#####* #c..#,*
,* ###...# ** #.#.#*
#.#..#* #.#,#.#
#.#,*.#


You could see a centaur (inner flame) and a bullfrog zombie (inner flame).

Vanquished Creatures
  6 adders
  An ooze (D:1)
  A worm (D:2)
  3 dart slugs
  2 leopard geckos
  5 bats
  2 giant cockroaches (D:1)
  6 hobgoblins
  3 jackals (D:1)
  A quokka (D:2)
  A frilled lizard (D:1)
  3 goblins
  2 kobolds (D:1)
  12 rats
48 creatures vanquished.

Notes
Turn   | Place    | Note
-------+----------+-------------------------------------------
     0 | D:1      | Torikoriko the Ogre Gladiator began the quest for the Orb.
     0 | D:1      | Reached XP level 1. HP: 22/22 MP: 1/1
    81 | D:1      | Reached skill level 3 in Fighting
   352 | D:1      | Reached XP level 2. HP: 31/31 MP: 2/2
   482 | D:1      | Found a shattered altar of Ashenzari.
   484 | D:1      | Found a shimmering altar of Xom.
   484 | D:1      | Found a glowing silver altar of Zin.
   486 | D:1      | Found a radiant altar of Vehumet.
   486 | D:1      | Found a sparkling altar of Nemelex Xobeh.
   486 | D:1      | Found a hazy altar of Hepliaklqana.
   802 | D:1      | Reached XP level 3. HP: 39/39 MP: 3/3
   959 | D:2      | Reached skill level 4 in Fighting
  1106 | D:2      | Found a deep blue altar of Sif Muna.
  1106 | D:2      | Found a hazy altar of Hepliaklqana.
  1106 | D:2      | Found a white marble altar of Elyvilon.
  1106 | D:2      | Noticed an ogre
  1209 | D:2      | Found a transporter.
  1219 | D:2      | Found a transporter.
  1275 | D:2      | Reached XP level 4. HP: 28/49 MP: 4/4
  1738 | D:2      | Found a burning altar of Makhleb.
  1740 | D:2      | Found an ancient bone altar of Kikubaaqudgha.
  1741 | D:2      | Found a glowing golden altar of the Shining One.
  1741 | D:2      | Found a sacrificial altar of Ru.
  1741 | D:2      | Found a blossoming altar of Fedhas.
  1751 | D:2      | Became a worshipper of the Shining One
  1991 | D:3      | Found a white marble altar of Elyvilon.
  2570 | D:3      | You fall through a shaft for 3 floors!
  2570 | D:6      | Noticed a centaur
  2591 | D:6      | Reached skill level 5 in Fighting
  2594 | D:6      | HP: 2/50 [bullfrog zombie (2)]
  2597 | D:6      | Slain by a bullfrog zombie

Skill      XL: |  1  2  3  4 |
---------------+-------------+-----
Fighting       | 3 4 5 |  5.0
Maces & Flails | 3 4 |  4.0
Throwing       | |  2.0
Dodging        | |  2.6

Action                   |  1- 3 |  4- 6 || total
-------------------------+-------+-------++-------
Melee: Flail             |    95 |    31 ||   126
Throw: Tomahawk          |     1 |     6 ||     7
       Throwing net      |       |     1 ||     1
  Use: Scroll            |       |     5 ||     5
 Stab: Sleeping          |     1 |       ||     1
  Eat: Chunk             |     1 |     4 ||     5
Armor: Robe              |    13 |       ||    13
       Steam dragon scal |    30 |    23 ||    53
Dodge: Dodged            |    52 |    29 ||    81
